 Dungeon Crawl Stone Soup version 0.30-a0-223-gcb0039aa0c (webtiles) character file.

Game seed: 13318167757365479541

457 qw the Chopper (level 7, -4/43 HPs)
             Began as a Gargoyle Fighter on Oct 9, 2022.
             Slain by a two-headed ogre
             ... wielding a +0 great mace
              (6 damage)
             ... on level 5 of the Dungeon.
             The game lasted 00:01:28 (3833 turns).

qw the Chopper (Gargoyle Fighter)                   Turns: 3833, Time: 00:01:28

Health: -4/43      AC: 11    Str: 21    XL:     7   Next: 6%
Magic:  7/7        EV:  9    Int:  9    God:
Gold:   249        SH:  4    Dex:  9    Spells: 6/6 levels left

rFire   . . .      SeeInvis .    Y - +0 war axe
rCold   . . .      Faith    .    c - +0 buckler
rNeg    + . .      Spirit   .    b - +0 scale mail
rPois   inf        Reflect  .    (no helmet)
rElec   +          Harm     .    (no cloak)
rCorr   .          Rampage  .    (no gloves)
Will    +....                    (no boots)
Stlth   ..........               (no amulet)
HPRegen 0.27/turn                i - ring of willpower
MPRegen 0.10/turn                (no ring)

@: no status effects
A: sickness immunity, AC +4, negative energy resistance 1, electricity
resistance, torment resistance 1, petrification resistance
a: no special abilities


You were on level 5 of the Dungeon.
You visited 1 branch of the dungeon, and saw 5 of its levels.

You collected 249 gold pieces.


Innate Abilities, Weirdness & Mutations

You are immune to sickness and miasma.
Your stone body is resilient. (AC +4)
You are immune to poison.
You resist negative energy. (rN+)
You are resistant to electric shocks. (rElec)
You are resistant to unholy torment.
You are immune to petrification.


   Skills:
 - Level 4.0 Fighting
 + Level 6.2 Axes
 - Level 3.2 Armour
 - Level 1.0 Dodging
 - Level 3.2 Shields


You had 6 spell levels left.
You didn't know any spells.
Your spell library was empty.

Inventory:

Hand Weapons
 l - a +0 flail
 Y - a +0 war axe (weapon)
Armour
 b - a +0 scale mail (worn)
 c - a +0 buckler (worn)
Jewellery
 i - a ring of willpower (left hand)
Scrolls
 a - 2 scrolls of identify
Potions
 d - 4 potions of might
 e - a potion of heal wounds
 f - a potion of brilliance {unknown}
 g - 4 potions of attraction
 h - a potion of haste
 j - a potion of curing
 o - a potion of cancellation {unknown}

Dungeon Overview and Level Annotations

Branches:
Dungeon (5/15)
 Temple: D:4-7

Altars:
Ashenzari
Dithmenos
Kikubaaqudgha
Makhleb
Sif Muna
Yredelemnul

Annotations:
D:4 2 transporters, qw's ghost, amateur GrFi


Message History

a +0 dagger; a +0 leather armour A two-headed ogre comes into view.
It is wielding a +0 great mace and a +0 dire flail.
The two-headed ogre shouts in stereo!
Enter note:
Enter note:
Enter note:
Enter note: You slash the two-headed ogre!
The two-headed ogre is lightly wounded.
You block the two-headed ogre's attack. The two-headed ogre closely misses you.
You slash the two-headed ogre!
The two-headed ogre is moderately wounded.
The two-headed ogre hits you with a +0 great mace.
The two-headed ogre hits you with a +0 dire flail.
You barely miss the two-headed ogre.
The two-headed ogre is moderately wounded.
You hit the two-headed ogre but do no damage.
The two-headed ogre is moderately wounded.
The two-headed ogre hits you with a +0 great mace!!
Ouch! That really hurt!
The two-headed ogre hits you with a +0 dire flail.
3829 ||| DRINKING 2 potions of heal wounds.
You feel much better. The two-headed ogre barely misses you.
The two-headed ogre completely misses you.
You barely miss the two-headed ogre.
The two-headed ogre is moderately wounded.
The two-headed ogre hits you with a +0 great mace!
The two-headed ogre hits you with a +0 dire flail.
You barely miss the two-headed ogre.
The two-headed ogre is moderately wounded.
You hit the two-headed ogre but do no damage.
The two-headed ogre is moderately wounded.
The two-headed ogre closely misses you.
The two-headed ogre hits you but does no damage.
You barely miss the two-headed ogre.
The two-headed ogre is moderately wounded.
The two-headed ogre hits you with a +0 great mace!!
The two-headed ogre hits you with a +0 dire flail.
You die...

.........###.#...#.............#.
.............#...#.............#.
+#.......#########.............#.
...................###.........#.
........##......#### ###########
#.......##.....######
#.......##..........+
#.......#......######...
#....>..........@.......
#.......########O..##...
.............. ........
#...........#........##
#......................
####........#...........
............#...........
............#....####...
............#


You could see a two-headed ogre.

Vanquished Creatures
  A scorpion (D:4)
  2 orc priests (D:5)
  A hound (D:5)
  Jessica (D:2)
  2 iguanas (D:5)
  An orc wizard (D:5)
  5 adders
  7 gnolls (D:4)
  A white imp (D:5)
  4 worms
  3 dart slugs
  7 orcs
  3 ball pythons
  4 endoplasms
  4 giant cockroaches
  5 goblins
  5 hobgoblins
  3 quokkas
  6 bats
  2 frilled lizards (D:1)
  5 kobolds
  5 rats
77 creatures vanquished.

Vanquished Creatures (others)
  A fungus (D:1)
  A plant (D:1)
2 creatures vanquished.

Grand Total: 79 creatures vanquished

Notes
Turn   | Place    | Note
-------+----------+-------------------------------------------
     0 | D:1      | qw the Gargoyle Fighter began the quest for the Orb.
     0 | D:1      | Reached XP level 1. HP: 14/14 MP: 1/1
     0 | D:1      | 0 ||| qw: Version: 0.2-a-17-g06abaee
     0 | D:1      | 0 ||| qw: Game counter: 2189
     0 | D:1      | 0 ||| qw: Always use a shield: true
     0 | D:1      | 0 ||| qw: God list: Okawaru
     0 | D:1      | 0 ||| qw: Allow faded altars: false
     0 | D:1      | 0 ||| qw: Do Orc after D:15 true
     0 | D:1      | 0 ||| qw: Do second Lair branch before Depths: true
     0 | D:1      | 0 ||| qw: Lair rune preference: random
     0 | D:1      | 0 ||| qw: Plans: Normal, Zot:1-4, God:TSO, Crypt, Tomb,
                  | Pan, Slime:5, Hells, Abyss, Orb
     0 | D:1      | 0 ||| PLANNING D:1-11
   116 | D:1      | Found a faded altar of an unknown god.
   149 | D:1      | Reached skill level 2 in Axes
   259 | D:1      | Reached XP level 2. HP: 19/19 MP: 2/2
   821 | D:1      | 821 ||| DROPPING orb of light.
   822 | D:1      | 822 ||| READING 2 scrolls labelled CEITIRUTT.
   823 | D:1      | 823 ||| DRINKING 2 fizzy cyan potions.
   824 | D:1      | 824 ||| DROPPING potion of degeneration.
   902 | D:2      | 902 ||| FLEEEEING.
   903 | D:2      | 903 ||| FLEEEEING.
   904 | D:2      | 904 ||| FLEEEEING.
   905 | D:2      | 905 ||| FLEEEEING.
   910 | D:2      | 910 ||| FLEEEEING.
   923 | D:2      | 923 ||| FLEEEEING.
   924 | D:2      | 924 ||| FLEEEEING.
   925 | D:2      | 925 ||| FLEEEEING.
   927 | D:2      | 927 ||| FLEEEEING.
   945 | D:2      | Reached skill level 3 in Axes
  1028 | D:2      | 1028 ||| Stepping ~*~*~tactically~*~*~ (stealth).
  1038 | D:2      | Reached XP level 3. HP: 23/23 MP: 3/3
  1087 | D:2      | 1087 ||| Stepping ~*~*~tactically~*~*~ (stealth).
  1227 | D:2      | Noticed Jessica
  1231 | D:2      | Killed Jessica
  1232 | D:2      | Reached XP level 4. HP: 27/28 MP: 4/4
  1568 | D:2      | 1568 ||| UPGRADING to ring of willpower.
  1569 | D:2      | 1569 ||| READING scroll labelled GISA YXIRIDEYT.
  1570 | D:2      | 1570 ||| READING 3 scrolls labelled KEOLYL VOOJUTRI.
  1571 | D:2      | 1571 ||| DRINKING 5 pink potions.
  1572 | D:2      | 1572 ||| READING 2 scrolls of identify.
  1572 | D:2      | 1572 ||| IDENTIFYING inky potion
  1573 | D:2      | 1573 ||| DROPPING 2 scrolls of fear.
  1698 | D:3      | Found a shimmering blue altar of Sif Muna.
  1767 | D:3      | Reached skill level 4 in Axes
  2254 | D:3      | 2254 ||| DROPPING +6 ring of intelligence.
  2255 | D:3      | 2255 ||| READING scroll labelled KUNGAA TILOG.
  2256 | D:3      | 2256 ||| READING scroll labelled JIRIZXEOSAU.
  2259 | D:3      | 2259 ||| READING 4 scrolls of identify.
  2259 | D:3      | 2259 ||| IDENTIFYING dark potion
  2260 | D:3      | 2260 ||| READING 3 scrolls of identify.
  2260 | D:3      | 2260 ||| IDENTIFYING yellow potion
  2261 | D:3      | 2261 ||| READING 2 scrolls of identify.
  2261 | D:3      | 2261 ||| IDENTIFYING emerald potion
  2262 | D:3      | 2262 ||| DROPPING potion of ambrosia.
  2297 | D:4      | Noticed a scorpion
  2310 | D:4      | Killed a scorpion
  2311 | D:4      | Reached XP level 5. HP: 22/32 MP: 5/5
  2457 | D:4      | Identified the +7 quarterstaff of Cataclysm {chaos, Will++}
  2473 | D:4      | Reached skill level 5 in Axes
  2565 | D:4      | 2565 ||| DROPPING +0 club.
  2648 | D:4      | 2648 ||| Stepping ~*~*~tactically~*~*~ (stealth).
  2700 | D:4      | Noticed qw's ghost (amateur GrFi)
  2707 | D:4      | Found a transporter.
  2725 | D:4      | Found a transporter.
  2736 | D:4      | Found a basalt altar of Yredelemnul.
  2738 | D:4      | Found a broken altar of Ashenzari.
  2845 | D:4      | Found an ancient bone altar of Kikubaaqudgha.
  2861 | D:4      | Found a burning altar of Makhleb.
  2900 | D:4      | 2900 ||| Stepping ~*~*~tactically~*~*~ (stealth).
  2905 | D:4      | Reached XP level 6. HP: 35/38 MP: 6/6
  2908 | D:4      | Reached skill level 1 in Dodging
  3078 | D:4      | 3078 ||| READING scroll labelled XOVE RYPTIUBICS.
  3079 | D:4      | 3079 ||| READING scroll labelled DOAWNE CUAJAUNN.
  3094 | D:5      | Entered Level 5 of the Dungeon
  3109 | D:5      | 3109 ||| Stepping ~*~*~tactically~*~*~ (hiding).
  3110 | D:5      | 3110 ||| Stepping ~*~*~tactically~*~*~ (hiding).
  3111 | D:5      | 3111 ||| Stepping ~*~*~tactically~*~*~ (hiding).
  3225 | D:5      | 3225 ||| Stepping ~*~*~tactically~*~*~ (stealth).
  3385 | D:5      | Reached skill level 6 in Axes
  3508 | D:5      | Found a shadowy altar of Dithmenos.
  3524 | D:5      | Reached XP level 7. HP: 37/43 MP: 7/7
  3626 | D:5      | 3626 ||| Stepping ~*~*~tactically~*~*~ (hiding).
  3821 | D:5      | Noticed a two-headed ogre
  3828 | D:5      | HP: 9/43 [two-headed ogre/+0 great mace (6)]
  3829 | D:5      | 3829 ||| DRINKING 2 potions of heal wounds.
  3833 | D:5      | HP: 2/43 [two-headed ogre/+0 great mace (18)]
  3833 | D:5      | Slain by a two-headed ogre

Levels and vault maps discovered:
D:1:      amcnicky_arrival_feature_with_door, layout_loops_ring,
          shapermc_ecumenical_altar_rom_forum, serial_bayou_crossing
D:2:      layout_loops_ring, uniq_jessica
D:3:      layout_loops_ring, overflow_temple_1_default,
          nicolae_elevator_lobby_plus
D:4:      layout_rooms, mainiacjoe_overflow_catwalk_spiral,
          mainiacjoe_overflow_swirl, gammafunk_ghost_stat_death
D:5:      layout_basic, mainiacjoe_overflow_six_doors_small

Skill      XL: |  1  2  3  4  5  6 |
---------------+-------------------+-----
Axes           | 2 3 4 5 6 |  6.2
Fighting       | 4 |  4.0
Dodging        | 1 |  1.0
Armour         | |  3.2
Shields        | |  3.2

Action                   |  1- 3 |  4- 6 |  7- 9 || total
-------------------------+-------+-------+-------++-------
Melee: War axe           |    76 |   180 |    16 ||   272
  Use: Scroll            |     1 |    10 |       ||    11
       Potion            |     1 |     1 |     1 ||     3
Armor: Scale mail        |    43 |   108 |     4 ||   155
Dodge: Dodged            |    28 |    76 |     8 ||   112
Block: Buckler           |    13 |    25 |     2 ||    40

Table legend:
 A = Non-vault XP
 B = Vault XP
 C = Vault XP percentage of total XP
 D = Non-vault monster count
 E = Vault monster count
 F = Vault count percentage of total count
                 A         B        C        D         E       F
            +---------+---------+-------+---------+---------+-------
      Total |     617 |      37 |   5.7 |      76 |       1 |   1.3
            +---------+---------+-------+---------+---------+-------
        D:1 |      26 |       0 |   0.0 |      17 |       0 |   0.0
        D:2 |      32 |      37 |  53.6 |      13 |       1 |   7.1
        D:3 |      15 |       0 |   0.0 |       8 |       0 |   0.0
        D:4 |     258 |       0 |   0.0 |      21 |       0 |   0.0
        D:5 |     286 |       0 |   0.0 |      17 |       0 |   0.0
            +---------+---------+-------+---------+---------+-------
